[ AOE2 MATCH · #506141135 ]
UnrankedHindustanis vs Magyars
Rival team · LOSS
[ REPLAY ANALYSIS · EXTRACTED FROM THE RECORDED GAME ]
Feudal
13:11
Castle
17:41
Imperial
35:48
| APM avg | 69.5 |
| APM peak | 105 |
| eAPM avg | 33.3 |
| Villagers / military | 171 / 360 |
Focus
⚔️ 32.2% · 🌾 67.8%
Camel Scout ×160 · Skirmisher ×152 · Cavalry Archer ×30 · Trebuchet (Packed) ×5 · Monk ×4 · Militia ×3
Feudal
11:45
Castle
15:59
Imperial
35:28
| APM avg | 45.1 |
| APM peak | 124 |
| eAPM avg | 23.5 |
| Villagers / military | 193 / 245 |
Focus
⚔️ 42.6% · 🌾 57.4%
Cavalry Archer ×118 · Scout Cavalry ×70 · Magyar Huszar ×51 · Monk ×4 · Trebuchet (Packed) ×2
Match map
Initial resources + every placement click. Lines = walls · curves = elevation contours. ◆ gold · ⬟ stone · ● berries · ✦ relic · ◌ wall gap
Your base· ✓ Closed at 17:41 · 52t walls · no gate
Dakar1's base· ✓ Closed at 15:59 · 42t walls · no gate
Smoothed initial terrain · ◌ = detected wall gap · hover for details
Inputs per minute
— Gil-galad - - Dakar1
Build order — Gil-galad
First 150 of 513 actions detected
| 0:01 | Create | Villager (Male) |
| 0:01 | Create | Villager (Male) |
| 0:01 | Create | Villager (Male) |
| 0:02 | Build | House |
| 0:03 | Build | House |
| 0:17 | Create | Villager (Male) |
| 1:17 | Create | Villager (Male) |
| 1:20 | Build | Lumber Camp |
| 1:40 | Create | Villager (Male) |
| 2:04 | Create | Villager (Male) |
| 2:04 | Create | Villager (Male) |
| 2:29 | Create | Villager (Male) |
| 3:07 | Create | Villager (Male) |
| 3:07 | Create | Villager (Male) |
| 3:34 | Build | House |
| 3:43 | Create | Villager (Male) |
| 3:43 | Create | Villager (Male) |
| 4:16 | Build | Barracks |
| 4:17 | Create | Villager (Male) |
| 4:18 | Create | Villager (Male) |
| 4:18 | Create | Villager (Male) |
| 4:36 | Build | House |
| 4:59 | Create | Villager (Male) |
| 4:59 | Create | Villager (Male) |
| 4:59 | Create | Villager (Male) |
| 5:10 | Create | Militia |
| 5:31 | Create | Militia |
| 5:46 | Build | Mill |
| 5:48 | Create | Villager (Male) |
| 5:55 | Create | Militia |
| 6:16 | Create | Villager (Male) |
| 6:19 | Build | House |
| 6:42 | Create | Villager (Male) |
| 6:54 | Build | Mill |
| 7:16 | Create | Villager (Male) |
| 7:33 | Create | Villager (Male) |
| 7:57 | Create | Villager (Male) |
| 8:07 | Build | Farm |
| 8:15 | Create | Villager (Male) |
| 8:22 | Build | Palisade Wall |
| 8:34 | Build | Palisade Wall |
| 8:35 | Build | Palisade Wall |
| 8:37 | Build | Palisade Wall |
| 8:37 | Build | Palisade Wall |
| 8:41 | Create | Villager (Male) |
| 8:58 | Research | Loom |
| 9:02 | Build | Farm |
| 9:03 | Build | Farm |
| 9:08 | Build | Farm |
| 9:16 | Build | Palisade Wall |
| 9:44 | Create | Villager (Male) |
| 9:49 | Create | Villager (Male) |
| 9:50 | Build | Farm |
| 9:56 | Build | Palisade Wall |
| 10:00 | Build | Palisade Wall |
| 10:09 | Build | House |
| 10:15 | Create | Villager (Male) |
| 10:25 | Build | Palisade Wall |
| 10:49 | Build | Palisade Wall |
| 10:56 | Build | Palisade Wall |
| 10:59 | Research | Feudal Age |
| 11:02 | Build | Farm |
| 11:05 | Build | Farm |
| 11:07 | Build | Farm |
| 12:09 | Create | Villager (Male) |
| 12:12 | Build | Mining Camp |
| 12:27 | Build | House |
| 12:47 | Build | House |
| 12:51 | Build | House |
| 12:52 | Build | House |
| 12:55 | Build | House |
| 13:11 | Age | Feudal Age |
| 13:31 | Build | Stable |
| 13:34 | Create | Villager (Male) |
| 13:44 | Create | Spearman |
| 13:47 | Create | Villager (Male) |
| 14:16 | Build | Blacksmith |
| 14:33 | Create | Villager (Male) |
| 14:50 | Build | House |
| 14:51 | Build | House |
| 14:58 | Create | Scout Cavalry |
| 15:01 | Research | Castle Age |
| 15:10 | Build | House |
| 15:11 | Build | House |
| 15:20 | Build | House |
| 15:21 | Build | House |
| 15:23 | Build | House |
| 15:32 | Build | House |
| 15:42 | Research | Scale Barding Armor |
| 15:47 | Build | Farm |
| 15:51 | Build | House |
| 15:52 | Build | House |
| 15:53 | Build | House |
| 16:39 | Build | Farm |
| 16:41 | Research | Horse Collar |
| 16:43 | Build | House |
| 16:44 | Build | House |
| 16:49 | Build | House |
| 17:06 | Build | Palisade Wall |
| 17:20 | Build | Market |
| 17:27 | Research | Bloodlines |
| 17:27 | Create | Villager (Male) |
| 17:41 | Age | Castle Age |
| 18:04 | Create | Villager (Male) |
| 18:05 | Create | Camel Scout |
| 18:14 | Build | Monastery |
| 18:20 | Create | Camel Scout |
| 18:23 | Create | Villager (Male) |
| 18:28 | Build | Farm |
| 18:30 | Build | Farm |
| 18:46 | Create | Camel Scout |
| 18:52 | Build | Farm |
| 18:52 | Build | Farm |
| 19:01 | Create | Monk |
| 19:02 | Create | Villager (Male) |
| 19:16 | Build | Farm |
| 19:17 | Build | Farm |
| 19:23 | Create | Villager (Male) |
| 19:26 | Build | Farm |
| 19:52 | Create | Villager (Male) |
| 20:00 | Create | Monk |
| 20:04 | Build | Town Center |
| 20:09 | Create | Villager (Male) |
| 20:13 | Build | Farm |
| 20:28 | Build | Farm |
| 20:31 | Create | Camel Scout |
| 20:34 | Create | Villager (Male) |
| 20:43 | Create | Villager (Male) |
| 20:44 | Build | Farm |
| 20:44 | Build | Farm |
| 21:03 | Create | Camel Scout |
| 21:17 | Create | Villager (Male) |
| 21:19 | Build | Farm |
| 21:21 | Build | Farm |
| 21:35 | Create | Camel Scout |
| 21:36 | Create | Camel Scout |
| 21:36 | Create | Camel Scout |
| 21:38 | Create | Villager (Male) |
| 21:48 | Research | Double-Bit Axe |
| 21:49 | Create | Villager (Male) |
| 21:51 | Build | Farm |
| 21:53 | Build | Farm |
| 21:58 | Build | Palisade Gate |
| 22:00 | Create | Villager (Male) |
| 22:09 | Create | Villager (Male) |
| 22:15 | Create | Villager (Male) |
| 22:46 | Create | Villager (Male) |
| 22:49 | Build | House |
| 22:55 | Build | Town Center |
| 22:56 | Create | Villager (Male) |
Build order — Dakar1
First 150 of 619 actions detected
| 0:00 | Create | Villager (Male) |
| 0:00 | Create | Villager (Male) |
| 0:01 | Create | Villager (Male) |
| 0:02 | Build | House |
| 0:03 | Build | House |
| 0:05 | Create | Villager (Male) |
| 1:24 | Create | Villager (Male) |
| 1:50 | Build | Lumber Camp |
| 1:57 | Create | Villager (Male) |
| 1:57 | Create | Villager (Male) |
| 2:24 | Create | Villager (Male) |
| 2:24 | Create | Villager (Male) |
| 2:47 | Research | Loom |
| 3:13 | Create | Villager (Male) |
| 3:14 | Create | Villager (Male) |
| 3:35 | Create | Villager (Male) |
| 3:35 | Create | Villager (Male) |
| 3:50 | Build | House |
| 3:51 | Build | House |
| 3:55 | Create | Villager (Male) |
| 3:56 | Create | Villager (Male) |
| 4:21 | Create | Villager (Male) |
| 4:33 | Create | Villager (Male) |
| 4:33 | Create | Villager (Male) |
| 4:33 | Create | Villager (Male) |
| 4:43 | Build | Mill |
| 5:12 | Create | Villager (Male) |
| 5:13 | Create | Villager (Male) |
| 5:13 | Create | Villager (Male) |
| 5:36 | Build | Mill |
| 5:51 | Create | Villager (Male) |
| 6:09 | Build | Palisade Wall |
| 6:59 | Build | Palisade Wall |
| 7:02 | Create | Villager (Male) |
| 7:02 | Create | Villager (Male) |
| 7:11 | Build | Palisade Wall |
| 7:12 | Build | Palisade Wall |
| 7:21 | Create | Villager (Male) |
| 7:27 | Create | Villager (Male) |
| 7:54 | Create | Villager (Male) |
| 7:54 | Create | Villager (Male) |
| 8:56 | Build | Mining Camp |
| 9:13 | Research | Feudal Age |
| 9:58 | Build | Mining Camp |
| 10:13 | Create | Villager (Male) |
| 10:31 | Create | Villager (Male) |
| 10:51 | Build | Palisade Wall |
| 11:40 | Build | House |
| 11:45 | Age | Feudal Age |
| 11:50 | Build | Market |
| 12:12 | Create | Villager (Male) |
| 12:19 | Build | Blacksmith |
| 12:48 | Build | Palisade Wall |
| 13:01 | Build | Palisade Wall |
| 13:19 | Research | Castle Age |
| 14:27 | Research | Double-Bit Axe |
| 15:30 | Create | Villager (Male) |
| 15:31 | Create | Villager (Male) |
| 15:59 | Age | Castle Age |
| 16:08 | Build | Castle |
| 16:17 | Create | Villager (Male) |
| 16:24 | Build | Farm |
| 16:24 | Build | Farm |
| 16:24 | Build | Farm |
| 16:25 | Build | Farm |
| 16:25 | Build | Farm |
| 16:25 | Build | Farm |
| 16:26 | Build | Farm |
| 16:54 | Build | Farm |
| 16:55 | Create | Villager (Male) |
| 17:15 | Create | Magyar Huszar |
| 17:16 | Create | Magyar Huszar |
| 17:16 | Create | Magyar Huszar |
| 17:22 | Build | Farm |
| 17:24 | Build | Farm |
| 17:32 | Create | Magyar Huszar |
| 17:47 | Create | Magyar Huszar |
| 17:58 | Create | Magyar Huszar |
| 17:59 | Create | Magyar Huszar |
| 18:19 | Create | Magyar Huszar |
| 18:20 | Create | Magyar Huszar |
| 18:20 | Create | Magyar Huszar |
| 18:23 | Create | Villager (Male) |
| 18:23 | Create | Villager (Male) |
| 18:50 | Create | Magyar Huszar |
| 18:50 | Create | Magyar Huszar |
| 18:50 | Create | Magyar Huszar |
| 18:51 | Create | Magyar Huszar |
| 19:11 | Create | Magyar Huszar |
| 19:13 | Create | Villager (Male) |
| 19:13 | Create | Villager (Male) |
| 19:35 | Create | Villager (Male) |
| 19:36 | Create | Villager (Male) |
| 19:36 | Create | Villager (Male) |
| 19:40 | Build | Town Center |
| 19:42 | Create | Magyar Huszar |
| 19:44 | Build | Farm |
| 19:45 | Build | Farm |
| 19:55 | Create | Magyar Huszar |
| 19:55 | Create | Magyar Huszar |
| 20:05 | Create | Magyar Huszar |
| 20:20 | Build | House |
| 20:28 | Create | Magyar Huszar |
| 20:34 | Create | Villager (Male) |
| 20:34 | Create | Villager (Male) |
| 20:40 | Build | Farm |
| 20:42 | Build | Farm |
| 20:45 | Create | Villager (Male) |
| 20:46 | Create | Villager (Male) |
| 20:57 | Create | Villager (Male) |
| 20:58 | Create | Magyar Huszar |
| 21:01 | Create | Villager (Male) |
| 21:02 | Create | Villager (Male) |
| 21:12 | Create | Villager (Male) |
| 21:12 | Create | Villager (Male) |
| 21:17 | Create | Magyar Huszar |
| 21:17 | Create | Magyar Huszar |
| 21:36 | Create | Villager (Male) |
| 21:37 | Create | Villager (Male) |
| 21:39 | Build | Monastery |
| 21:41 | Create | Magyar Huszar |
| 21:52 | Create | Villager (Male) |
| 21:52 | Create | Villager (Male) |
| 21:57 | Create | Magyar Huszar |
| 21:58 | Create | Magyar Huszar |
| 22:09 | Create | Villager (Male) |
| 22:10 | Create | Villager (Male) |
| 22:20 | Build | House |
| 22:24 | Create | Villager (Male) |
| 22:24 | Create | Villager (Male) |
| 22:41 | Create | Villager (Male) |
| 22:43 | Create | Monk |
| 22:47 | Create | Villager (Male) |
| 22:47 | Create | Villager (Male) |
| 22:55 | Build | House |
| 22:57 | Create | Villager (Male) |
| 22:59 | Build | Town Center |
| 23:08 | Create | Magyar Huszar |
| 23:08 | Create | Magyar Huszar |
| 23:11 | Create | Monk |
| 23:18 | Create | Villager (Male) |
| 23:18 | Create | Villager (Male) |
| 23:18 | Create | Villager (Male) |
| 23:21 | Create | Magyar Huszar |
| 23:21 | Create | Magyar Huszar |
| 23:35 | Create | Villager (Male) |
| 23:35 | Create | Villager (Male) |
| 23:50 | Create | Villager (Male) |
| 23:51 | Create | Magyar Huszar |
| 23:51 | Create | Magyar Huszar |
Match timeline
| 4:16 | Gil-galad · first_building Barracks |
| 6:09 | Dakar1 · wall_segment Palisade Wall x7 |
| 6:59 | Dakar1 · wall_segment Palisade Wall x12 |
| 7:11 | Dakar1 · wall_segment Palisade Wall x1 |
| 7:12 | Dakar1 · wall_segment Palisade Wall x1 |
| 8:22 | Gil-galad · wall_segment Palisade Wall x7 |
| 8:34 | Gil-galad · wall_segment Palisade Wall x1 |
| 8:35 | Gil-galad · wall_segment Palisade Wall x1 |
| 8:37 | Gil-galad · wall_segment Palisade Wall x1 |
| 8:37 | Gil-galad · wall_segment Palisade Wall x1 |
| 9:16 | Gil-galad · wall_segment Palisade Wall x10 |
| 9:56 | Gil-galad · wall_segment Palisade Wall x7 |
| 10:00 | Gil-galad · wall_segment Palisade Wall x3 |
| 10:25 | Gil-galad · wall_segment Palisade Wall x6 |
| 10:49 | Gil-galad · wall_segment Palisade Wall x8 |
| 10:51 | Dakar1 · wall_segment Palisade Wall x9 |
| 10:56 | Gil-galad · wall_segment Palisade Wall x8 |
| 11:45 | Dakar1 · age_up feudal |
| 12:48 | Dakar1 · wall_segment Palisade Wall x9 |
| 13:01 | Dakar1 · wall_segment Palisade Wall x3 |
| 13:11 | Gil-galad · age_up feudal |
| 13:31 | Gil-galad · first_building Stable |
| 15:59 | Dakar1 · age_up castle |
| 16:08 | Dakar1 · first_building Castle |
| 17:06 | Gil-galad · wall_segment Palisade Wall x1 |
| 17:41 | Gil-galad · age_up castle |
| 18:05 | Gil-galad · first_market_buy 100 food |
| 18:14 | Gil-galad · first_building Monastery |
| 20:56 | Dakar1 · first_market_buy 100 food |
| 21:39 | Dakar1 · first_building Monastery |
| 23:58 | Dakar1 · first_building Barracks |
| 24:23 | Gil-galad · first_building Siege Workshop |
| 27:15 | Gil-galad · first_market_sell 100 wood |
| 28:05 | Dakar1 · first_building Stable |
| 31:35 | Dakar1 · first_building Archery Range |
| 33:07 | Gil-galad · first_building Archery Range |
| 33:32 | Gil-galad · first_building Castle |
| 35:28 | Dakar1 · age_up imperial |
| 35:48 | Gil-galad · age_up imperial |
| 44:28 | Dakar1 · first_market_sell 100 food |
| 48:48 | Dakar1 · resign |
[ AI ANALYSIS · 1 CREDIT ]
What really happened in this match?
Wolo.gg analyzes every decision: build order, eco, micro, common mistakes by bracket. Personalized analysis on WhatsApp or Discord in 30 seconds.
Civ guide
Hindustanis
Perfil
Jugador #322559